Map: Prion Terraces

Players

Lambo

  • Race: Zerg Zerg
  • League: Grandmaster

DeMusliM - Winner!

  • Race: Terran Terran
  • League: Grandmaster

Event: Homestory Cup XII

VOD

Have the link to the VOD?

Description

Time

  • Played on: Dec. 17, 2015, 3:16 p.m.
  • Length: 19:11

All games in this series

Show
View Real Time Build Order
Export as new Build Order

Lambo Zerg 

Build Orders: Hatch First 

Get SALT Encoding   

  12  0:00  Drone  
  13  0:12  Overlord  
  13  0:17  Drone  
  14  0:30  Drone x2  
  17  0:35  Drone  
  17  0:52  Hatchery  
  17  0:54  Drone  
  17  1:07  Spawning Pool  
  17  1:10  Drone  
  17  1:13  Extractor  
  17  1:15  Drone  
  17  1:20  Drone  
  18  1:29  Drone  
  19  1:40  Overlord  
  19  1:54  Queen  
  19  1:55  Zergling x2  
  19  2:00  Zergling x2  
  23  2:03  Queen  
  23  2:04  Drone  
  26  2:15  Drone x2  
  27  2:16  Metabolic Boost  
  28  2:24  Drone  
  29  2:31  Drone  
  30  2:39  Queen  
  30  2:41  Drone x2  
  33  2:46  Overlord  
  33  2:52  Zergling x2  
  33  2:55  Drone  
  33  2:58  Overlord  
  35  3:10  Drone x2  
  37  3:15  Hatchery  
  37  3:18  Queen  
  38  3:20  Drone x2  
  38  3:26  Drone  
  41  3:31  Drone x4  
  45  3:40  Drone  
  46  3:44  Overlord  
  46  3:46  Extractor  
  45  3:48  Drone x2  
  45  3:49  Drone  
  45  3:50  Roach Warren  
  45  3:54  Drone x2  
  49  3:58  Overlord  
  49  3:59  Drone x2  
  51  4:06  Drone x2  
  53  4:17  Evolution Chamber, Overlord  
  53  4:18  Evolution Chamber, Drone  
  52  4:25  Drone x2  
  52  4:28  Drone, Queen  
  52  4:30  Lair  
  52  4:31  Drone x3  
  60  4:36  Zergling x8  
  64  4:40  Zergling x2  
  64  4:43  Extractor, Zergling x2  
  62  4:48  Zergling x2  
  62  4:50  Drone  
  59  5:05  Drone x12  
  71  5:08  Extractor  
  71  5:10  Zerg Missile Weapons Level 1  
  71  5:11  Extractor  
  69  5:16  Extractor  
  69  5:17  Drone x3  
  71  5:22  Zerg Ground Armor Level 1  
  71  5:32  Overlord  
  71  5:33  Drone x3  
  74  5:37  Glial Reconstitution  
  74  5:41  Overlord  
  73  5:44  Hatchery  
  72  5:53  Drone x3  
  72  5:54  Drone x2  
  77  5:57  Roach x2  
  81  6:04  Roach x2  
  81  6:05  Roach  
  81  6:10  Roach x2  
  81  6:11  Overlord x2  
  89  6:16  Overlord  
  89  6:17  Overlord x2  
  88  6:23  Overlord  
  88  6:26  Ravager  
  88  6:27  Overlord  
  88  6:28  Overlord  
  88  6:29  Ravager x2  
  88  6:30  Ravager  
  88  6:31  Ravager  
  93  6:34  Roach x5  
  93  6:38  Roach  
  105  6:51  Roach x9  
  123  6:54  Ravager  
  123  6:55  Ravager  
  125  7:03  Infestation Pit  
  125  7:06  Overlord, Pneumatized Carapace  
  125  7:07  Overlord  
  128  7:08  Roach x3  
  128  7:09  Roach  
  128  7:14  Roach x5  
  142  7:16  Ravager  
  142  7:20  Roach x3  
  149  7:23  Roach x2  
  149  7:24  Overlord  
  149  7:26  Overseer  
  149  7:29  Drone x3  
  156  7:30  Extractor  
  156  7:32  Extractor  
  154  7:41  Roach x6  
  166  7:48  Roach x3  
  166  7:49  Roach  
  174  7:51  Overlord  
  174  7:54  Hive  
  174  8:01  Roach  
  174  8:02  Roach x4  
  180  8:06  Overlord  
  180  8:07  Drone x2  
  180  8:08  Drone  
  175  8:14  Drone x3  
  178  8:21  Zerg Ground Armor Level 2, Zerg Melee Weapons Level 1  
  178  8:22  Overlord  
  178  8:31  Overlord  
  177  8:37  Queen  
  179  8:43  Pathogen Glands  
  179  8:49  Overlord  
  179  8:51  Roach x4  
  156  9:04  Roach x4  
  156  9:05  Roach x6  
  156  9:08  Drone x9  
  177  9:17  Ultralisk Cavern  
  175  9:41  Spire  
  175  9:44  Adrenal Glands  
  175  9:45  Ultralisk Cavern  
  174  9:49  Drone  
  174  9:50  Drone x3  
  168  10:26  Ultralisk Cavern  
  167  10:31  Roach  
  167  10:32  Roach x13  
  187  10:39  Roach x9  
  196  10:44  Roach x4  
  196  10:47  Ravager x4  
  196  10:56  Roach  
  196  10:57  Roach x6  
  178  11:01  Roach  
  178  11:02  Roach  
  150  11:09  Roach x2  
  133  11:12  Roach x2  
  133  11:18  Ravager x4  
  141  11:21  Viper  
  144  11:28  Hatchery, Ravager  
  144  11:29  Ravager  
  144  11:30  Roach, Zergling x2  
  147  11:33  Roach  
  145  11:44  Roach x4  
  131  11:53  Infestor  
  124  11:57  Chitinous Plating  
  124  12:01  Queen  
  124  12:02  Drone x3  
  124  12:06  Infestor  
  131  12:13  Zergling x2  
  131  12:14  Overlord x2  
  132  12:19  Drone x2  
  132  12:21  Infestor  
  136  12:30  Viper  
  139  12:39  Drone x2  
  139  12:40  Drone  
  139  12:43  Infestor  
  142  12:45  Hatchery  
  143  12:55  Ultralisk  
  149  13:03  Ultralisk  
  155  13:19  Ultralisk  
  161  13:24  Zerg Melee Weapons Level 2  
  162  13:27  Drone x4  
  162  13:29  Extractor  
  164  13:37  Ultralisk, Queen  
  164  13:38  Queen x2  
  176  13:41  Overseer  
  176  13:46  Zergling x10  
  181  13:57  Overlord  
  181  13:58  Drone  
  181  13:59  Drone x3  
  181  14:01  Ultralisk  
  191  14:03  Viper  
  191  14:06  Drone x2  
  196  14:11  Drone  
  197  14:18  Zerg Ground Armor Level 3  
  197  14:24  Queen  
  192  14:39  Queen  
  192  14:40  Queen  
  192  14:45  Zergling x14  
  181  14:58  Zergling x18  
  182  15:03  Infestor x2  
  178  15:26  Zergling x2  
  178  15:27  Ultralisk, Zergling x10  
  189  15:32  Zergling x2  
  189  15:33  Zergling x10  
  193  15:41  Viper x2  
  190  15:55  Zerg Melee Weapons Level 3  
  186  15:58  Queen x2  
  186  16:04  Infestor x2  
  190  16:10  Drone  
  195  16:11  Drone  
  195  16:25  Zergling x10  
  181  16:42  Zergling x2  
  181  16:43  Zergling x20  
  151  16:48  Zergling x2  
  151  16:49  Zergling x2  
  151  16:53  Zergling x2  
  152  17:00  Zergling x4  
  154  17:18  Ultralisk, Zergling x2  
  154  17:20  Ravager x2  
  154  17:21  Ravager  
  164  17:28  Ravager x4  
  164  17:29  Ravager  
  168  17:39  Ravager  
  168  17:40  Zergling x8  
  155  18:03  Zergling x2  
  155  18:04  Zergling x4  
  130  18:21  Roach  
  130  18:22  Roach x3  
  130  18:28  Zergling x2  
  130  18:29  Zergling x2  
  96  18:47  Zergling x2  
Show
View Real Time Build Order
Export as new Build Order

DeMusliM Terran - Winner!

Build Orders: Reaper Expand, Bio Tank 

Get SALT Encoding   

  12  0:00  SCV  
  13  0:12  SCV  
  14  0:17  Supply Depot  
  14  0:24  SCV  
  15  0:39  SCV  
  15  0:40  Barracks  
  16  0:43  Refinery  
  16  0:51  SCV  
  17  1:03  SCV  
  18  1:15  SCV  
  19  1:28  Reaper, Orbital Command  
  20  1:40  Command Center  
  20  1:53  SCV  
  21  1:56  Refinery  
  21  2:01  Supply Depot  
  21  2:05  SCV  
  22  2:09  Factory  
  22  2:17  SCV  
  23  2:23  Barracks Reactor  
  23  2:29  SCV  
  24  2:42  SCV  
  25  2:54  SCV  
  25  2:55  Starport  
  26  3:00  Orbital Command  
  26  3:06  SCV  
  27  3:13  Marine x2  
  27  3:14  Factory Tech Lab  
  27  3:18  SCV  
  30  3:22  Command Center  
  30  3:31  Marine x2  
  30  3:32  Medivac  
  35  3:34  SCV  
  35  3:35  SCV  
  36  3:43  Siege Tank  
  36  3:47  SCV  
  36  3:48  SCV  
  41  3:51  Supply Depot  
  41  3:52  Marine  
  41  3:53  Marine  
  43  3:59  SCV  
  43  4:00  SCV  
  44  4:11  SCV  
  44  4:12  SCV  
  44  4:15  Siege Tank  
  49  4:17  Liberator  
  49  4:18  Supply Depot  
  49  4:19  Marine x2  
  49  4:23  SCV  
  53  4:24  SCV  
  53  4:35  SCV  
  53  4:36  SCV  
  58  4:41  Supply Depot  
  58  4:51  Siege Tank  
  60  4:54  SCV x2  
  60  4:57  Marine x2  
  64  5:05  Orbital Command  
  64  5:06  SCV  
  64  5:07  SCV, Engineering Bay  
  59  5:08  Supply Depot, Refinery  
  59  5:09  Refinery, Engineering Bay  
  59  5:15  Barracks  
  59  5:16  Barracks  
  59  5:18  SCV  
  59  5:19  SCV  
  61  5:22  Barracks Tech Lab, Barracks  
  61  5:27  Siege Tank  
  64  5:30  SCV  
  64  5:31  SCV  
  66  5:40  Terran Infantry Weapons Level 1  
  66  5:41  Orbital Command  
  66  5:42  SCV  
  67  5:44  Terran Infantry Armor Level 1, Barracks  
  67  5:46  SCV  
  68  5:52  Marine  
  68  5:53  Starport Reactor  
  68  5:56  SCV  
  70  5:58  SCV  
  71  6:04  Marine  
  71  6:05  Marine  
  71  6:07  SCV  
  71  6:08  SCV  
  71  6:09  Siege Tank  
  71  6:10  SCV, Marauder  
  81  6:16  Marine x2  
  81  6:17  Bunker  
  81  6:18  Bunker  
  83  6:19  SCV  
  83  6:21  SCV  
  83  6:22  SCV  
  83  6:24  Supply Depot x2  
  83  6:25  Supply Depot  
  86  6:27  Barracks Reactor x2, Refinery  
  86  6:31  Medivac  
  86  6:32  SCV, Barracks  
  89  6:33  SCV  
  89  6:35  Barracks Tech Lab  
  89  6:38  SCV  
  91  6:41  Stimpack, Marauder  
  91  6:44  Marine x2  
  91  6:45  SCV  
  91  6:46  SCV  
  94  6:50  SCV, Bunker  
  94  6:51  Supply Depot  
  95  6:54  Combat Shields  
  95  6:55  Marauder  
  95  6:57  SCV  
  95  6:58  SCV, Siege Tank  
  102  7:02  Marine  
  102  7:06  Marauder, Marine  
  102  7:07  Marine x2  
  108  7:19  Supply Depot  
  108  7:24  Barracks Reactor  
  108  7:25  Marauder, Marine x3  
  108  7:26  Medivac x2  
  108  7:28  Command Center, Marauder  
  108  7:29  Supply Depot x2  
  119  7:30  Supply Depot  
  119  7:31  Refinery  
  119  7:37  Marine  
  119  7:39  Supply Depot  
  119  7:44  Armory  
  120  7:45  Marine x5  
  120  7:46  Marauder  
  120  7:48  Siege Tank  
  120  7:49  Marauder  
  132  7:55  Marine  
  133  8:03  Marine x3  
  133  8:05  Marine x2  
  133  8:06  Marine  
  133  8:08  Marauder  
  133  8:10  Marauder  
  140  8:18  Marine  
  141  8:22  Supply Depot  
  141  8:23  Siege Tank, Marine  
  141  8:25  Barracks  
  141  8:26  Supply Depot x2  
  145  8:27  Barracks  
  145  8:29  Marauder  
  145  8:30  Marine  
  145  8:31  Marine x2  
  145  8:32  Marauder  
  152  8:34  Terran Infantry Weapons Level 2, Terran Infantry Armor Level 2  
  152  8:40  Marine x2  
  152  8:41  Marine  
  155  8:51  Ghost Academy, Marauder  
  155  8:52  Command Center, Marine  
  155  8:53  Marauder  
  151  9:05  Marine x3  
  154  9:12  Marauder  
  154  9:15  Marauder  
  154  9:16  Marine x4  
  161  9:21  Command Center  
  159  9:32  Siege Tank  
  159  9:33  Marauder  
  159  9:35  Marine x3  
  159  9:36  Marauder  
  169  9:41  Marine  
  169  9:42  Marine  
  170  9:46  Marine  
  170  9:51  Marine  
  167  9:53  Medivac x2  
  167  9:55  Marauder  
  167  9:57  Marauder, Marine x2  
  169  10:05  Siege Tank  
  171  10:16  Marauder, Marine  
  171  10:17  Marine x7  
  171  10:19  Marauder  
  184  10:23  Barracks Tech Lab, Medivac x2  
  187  10:34  Marine  
  187  10:35  Marine x3  
  182  10:36  Barracks Tech Lab  
  182  10:38  Marauder  
  182  10:40  Marauder  
  175  10:48  Marine x3  
  175  10:49  Marauder  
  172  10:56  Marine  
  172  10:57  Marauder, Medivac, Marine x2  
  154  10:58  Planetary Fortress, Marine x2, Medivac  
  154  10:59  Marauder  
  154  11:01  Marauder  
  142  11:06  Marine x2  
  142  11:10  Marauder  
  125  11:13  Marine  
  125  11:14  Marine  
  127  11:18  Marauder  
  127  11:20  Marauder  
  127  11:21  Marine x3  
  127  11:22  Ghost  
  127  11:23  Siege Tank  
  137  11:29  Command Center x2  
  137  11:30  Ghost  
  137  11:31  Marine x3  
  142  11:39  Ghost  
  143  11:46  Terran Infantry Weapons Level 3  
  132  11:51  Concussive Shells  
  131  11:54  Ghost x2  
  131  11:55  Refinery, Marine x6  
  131  11:56  Refinery, Marine  
  131  11:57  Siege Tank  
  131  12:00  Liberator x2  
  145  12:04  Marine  
  145  12:07  Sensor Tower  
  145  12:08  Ghost x2  
  148  12:15  Marine x3  
  159  12:23  Ghost  
  159  12:24  Ghost  
  159  12:25  Marine x5  
  168  12:33  Planetary Fortress  
  168  12:36  Ghost  
  168  12:37  Marine x4  
  168  12:40  Terran Infantry Armor Level 3  
  174  12:52  Ghost  
  174  12:53  Marine x5  
  179  13:04  Ghost  
  179  13:05  Marine x3  
  182  13:06  Medivac x2  
  188  13:16  Ghost  
  188  13:19  Liberator x2  
  188  13:20  Command Center  
  188  13:24  Ghost  
  188  13:25  Marine x2  
  184  13:31  Planetary Fortress  
  190  13:41  Refinery  
  190  13:42  Refinery  
  190  13:43  Sensor Tower  
  190  13:51  Missile Turret  
  190  14:04  Ghost x2  
  190  14:05  Ghost  
  196  14:10  Barracks x2  
  196  14:16  Terran Vehicle And Ship Armor Level 1  
  196  14:19  Ghost  
  196  14:33  Ghost  
  198  14:42  Marauder, Marine  
  190  14:57  Marine  
  190  14:58  Marauder  
  162  15:06  Ghost x2  
  140  15:07  Marine x2  
  140  15:13  Marine  
  149  15:14  Marauder  
  149  15:16  Marine x2  
  149  15:17  Marine  
  149  15:18  Ghost  
  154  15:27  Marine  
  149  15:34  Ghost  
  149  15:35  Ghost x2  
  151  15:36  Marine x4  
  151  15:37  Barracks Tech Lab x2  
  151  15:40  Siege Tank  
  151  15:41  Medivac x2  
  159  15:51  Ghost  
  159  15:52  Marine x4  
  159  15:53  Planetary Fortress  
  159  15:58  Ghost x2  
  159  16:03  Ghost  
  165  16:07  Missile Turret  
  165  16:09  Missile Turret  
  165  16:11  Command Center  
  165  16:12  Siege Tank  
  165  16:14  Marine x3  
  165  16:15  Marauder x2, Marine x2  
  177  16:20  Marauder  
  179  16:27  Marauder  
  179  16:31  Ghost x2, Marine x2  
  179  16:32  Marine  
  157  16:48  Marauder, Marine x2  
  157  16:51  Marine x2  
  157  16:52  Marauder x2  
  148  17:00  Marauder, Marine x3  
  148  17:01  Marauder  
  152  17:08  Marauder, Marine x2  
  155  17:09  Marauder  
  155  17:11  Medivac x2  
  155  17:14  Ghost  
  155  17:15  Ghost, Marine  
  166  17:20  Marine  
  166  17:22  Marauder  
  170  17:24  Marine, Liberator x2  
  170  17:25  Marauder, Marine x2  
  170  17:28  Marine x3  
  178  17:36  Marauder, Marine x2  
  182  17:44  Siege Tank  
  173  18:03  Marauder, Marine x2  
  173  18:04  Marauder x2  
  158  18:06  Marine x2  
  158  18:07  Marauder  
  158  18:10  Marauder, Marine, Liberator  
  160  18:15  Marine  
  160  18:16  Marauder, Marine  
  160  18:18  Marine  
  156  18:21  Marine x2  
  156  18:24  Marine x2  
  156  18:25  Siege Tank, Marauder x3  
  147  18:27  Marine  
  147  18:28  Marine  
  147  18:32  Marauder  
  147  18:33  Marine x2  
  150  18:36  Marine  
  150  18:37  Marauder  
  150  18:38  Marine  
  150  18:39  Marine  
  147  18:42  Marine x2  
  147  18:45  Marine  
  147  18:46  Marauder x4  
  149  18:51  Marine x2  
Tags
 
Add a new tag
Caveats
  • Supply blocks, unpowered buildings, or Contaminate may cause inaccurate times.
  • Supply counts are checked every 10 seconds.